TOP OF THE 1ST |
Michigan State Spartans batting - Pitching for Penn State Nittany Lions : RHP Britt McQueen
|
Pitching: RHP Britt McQueen
|
|
Batting: SHB Joe Emery
|
0-0: Ball 1-0: Ball 2-0: Ball 3-0: Base on Balls
|
Batting: LHB Gabriel Estrada
|
0-0: Ball 1-0: Ground out U3 (Groundball, 3) Joe Emery to second
|
Batting: LHB Cliff Mills
|
0-0: Ball 1-0: Ground out 4-3 (Groundball, 34) Joe Emery to third
|
Batting: RHB Ryan Nelson
|
0-0: Ball 1-0: Ball 2-0: Called Strike 2-1: Ball 3-1: Called Strike 3-2: Base on Balls
|
Batting: RHB Ryan Fullerton
|
0-0: Single, Error in OF, E7, batter to second base Joe Emery scores Ryan Nelson to third
|
Batting: LHB Aaron Aguirre
|
0-0: Ball 1-0: Ball 2-0: Foul Ball, location: 2F 2-1: Ball 3-1: Foul Ball, location: 2F 3-2: DOUBLE (Line Drive, 7LM) Ryan Nelson scores Ryan Fullerton scores
|
Batting: RHB Nelson Wright
|
0-0: Called Strike 0-1: SINGLE (Line Drive, 7S) Aaron Aguirre to third Runner from 3rd tries for Home, SAFE, no throw
|
Batting: RHB Scott Juárez
|
0-0: SINGLE (Groundball, 56D) Nelson Wright to second
|
Batting: RHB Spike Walters
|
0-0: Ball 1-0: Called Strike 1-1: Ball 2-1: Foul Ball, location: 2F 2-2: Foul Ball, location: 2F 2-2: Foul Ball, location: 2F 2-2: 3-RUN HOME RUN (Flyball, 8LXD), Distance : 396 ft
|
Batting: SHB Joe Emery
|
0-0: Ball 1-0: Called Strike 1-1: Ball 2-1: SINGLE (Groundball, 4MD)
|
Batting: LHB Gabriel Estrada
|
0-0: Ball 1-0: SINGLE (Line Drive, 3D) Joe Emery to second Runner from 2nd tries for 3rd, SAFE, throw made to third Gabriel Estrada to second
|
Batting: LHB Cliff Mills
|
0-0: Called Strike 0-1: Ball 1-1: Foul Ball, location: 2F 1-2: Strikes out swinging
|
Top of the 1st over - 7 run(s), 7 hit(s), 1 error(s), 2 left on base; Michigan State 7 - Penn State 0 |
BOTTOM OF THE 1ST |
Penn State Nittany Lions batting - Pitching for Michigan State Spartans : LHP David Page
|
Pitching: LHP David Page
|
|
Batting: RHB Kip Murphy
|
0-0: Called Strike 0-1: Called Strike 0-2: Ball 1-2: SINGLE (Line Drive, 56D)
|
Batting: RHB José Rodríguez
|
0-0: Ball 1-0: Ball 2-0: Foul Ball, location: 2F 2-1: Swinging Strike 2-2: Foul Ball, location: 2F 2-2: Foul Ball, location: 2F 2-2: Ball 3-2: Base on Balls Kip Murphy to second
|
Batting: LHB Gary Lynn
|
0-0: Called Strike Kip Murphy steals 3rd base José Rodríguez to second 0-1: Foul Ball, location: 2F 0-2: Ground out 3-1 (Groundball, 34) Kip Murphy scores José Rodríguez to third
|
Batting: LHB Ángel Santos
|
0-0: Ball 1-0: Ball 2-0: Ground out 4-3 (Groundball, 34) José Rodríguez scores
|
Batting: RHB Mike Caldwell
|
0-0: Called Strike 0-1: Called Strike 0-2: Ball 1-2: Foul Ball, location: 2F 1-2: Fly out, F8 (Flyball, 8LM)
|
Bottom of the 1st over - 2 run(s), 1 hit(s), 0 error(s), 0 left on base; Michigan State 7 - Penn State 2 |
TOP OF THE 2ND |
Michigan State Spartans batting - Pitching for Penn State Nittany Lions : RHP Britt McQueen
|
Batting: RHB Ryan Nelson
|
0-0: Ball 1-0: Called Strike 1-1: Ball 2-1: Ball 3-1: Ground out 4-3 (Groundball, 4)
|
Batting: RHB Ryan Fullerton
|
0-0: Ball 1-0: Ball 2-0: Called Strike 2-1: SOLO HOME RUN (Flyball, 7D), Distance : 365 ft
|
Batting: LHB Aaron Aguirre
|
0-0: Ball 1-0: Swinging Strike 1-1: Foul Ball, location: 2F 1-2: Ball 2-2: Foul Ball, location: 2F 2-2: Fly out, F8 (Flyball, 8RD)
|
Batting: RHB Nelson Wright
|
0-0: Ball 1-0: Foul Ball, location: 2F 1-1: Fly out, F8 (Flyball, 78M)
|
Top of the 2nd over - 1 run(s), 1 hit(s), 0 error(s), 0 left on base; Michigan State 8 - Penn State 2 |
BOTTOM OF THE 2ND |
Penn State Nittany Lions batting - Pitching for Michigan State Spartans : LHP David Page
|
Batting: LHB James Macías
|
0-0: DOUBLE (Line Drive, 7LS)
|
Batting: RHB Larry Crawford
|
0-0: Called Strike 0-1: Swinging Strike 0-2: Ball 1-2: Ball 2-2: Ball 3-2: Strikes out swinging
|
Batting: LHB Bryan Peña
|
0-0: Foul Ball, location: 2F 0-1: Called Strike James Macías steals 3rd base 0-2: Ball 1-2: Foul Ball, location: 2F 1-2: Strikes out swinging
|
Batting: RHB Ron Hale
|
0-0: Ball 1-0: Called Strike 1-1: Foul Ball, location: 2F 1-2: Foul Ball, location: 2F 1-2: Ball 2-2: Strikes out looking
|
Bottom of the 2nd over - 0 run(s), 1 hit(s), 0 error(s), 1 left on base; Michigan State 8 - Penn State 2 |
TOP OF THE 3RD |
Michigan State Spartans batting - Pitching for Penn State Nittany Lions : RHP Britt McQueen
|
Batting: RHB Scott Juárez
|
0-0: Fly out, F6 (Popup, 6D)
|
Batting: RHB Spike Walters
|
0-0: Ball 1-0: Called Strike 1-1: Ball 2-1: Ball 3-1: Base on Balls
|
Pitching: RHP Hugh Hale
|
|
Batting: SHB Joe Emery
|
0-0: Foul Ball, location: 2F 0-1: Foul Ball, location: 2F 0-2: Foul Ball, location: 2F 0-2: Strikes out swinging
|
Batting: LHB Gabriel Estrada
|
0-0: Fly out, F6 (Popup, 6D)
|
Top of the 3rd over - 0 run(s), 0 hit(s), 0 error(s), 1 left on base; Michigan State 8 - Penn State 2 |
BOTTOM OF THE 3RD |
Penn State Nittany Lions batting - Pitching for Michigan State Spartans : LHP David Page
|
Batting: RHB Kip Murphy
|
0-0: Ball 1-0: Ball 2-0: Foul Ball, location: 2F 2-1: Foul Ball, location: 2F 2-2: Foul Ball, location: 2F 2-2: Ball 3-2: DOUBLE (Flyball, 7D)
|
Batting: RHB José Rodríguez
|
0-0: Called Strike 0-1: Foul Ball, location: 2F 0-2: Ground out 4-3 (Groundball, 4) Kip Murphy to third
|
Batting: LHB Gary Lynn
|
0-0: Ball 1-0: Called Strike 1-1: Fly out, F7 (Flyball, 7S)
|
Batting: LHB Ángel Santos
|
0-0: Swinging Strike 0-1: SINGLE (Groundball, 3D) Kip Murphy scores
|
Batting: RHB Mike Caldwell
|
0-0: Called Strike 0-1: Foul Ball, location: 2F 0-2: Ball 1-2: Foul Ball, location: 2F 1-2: Ball 2-2: Fielders Choice at 2nd, 5-4 (Groundball, 56)
|
Bottom of the 3rd over - 1 run(s), 2 hit(s), 0 error(s), 0 left on base; Michigan State 8 - Penn State 3 |
TOP OF THE 4TH |
Michigan State Spartans batting - Pitching for Penn State Nittany Lions : RHP Hugh Hale
|
Batting: LHB Cliff Mills
|
0-0: Called Strike 0-1: Swinging Strike 0-2: Strikes out swinging
|
Batting: RHB Ryan Nelson
|
0-0: Ball 1-0: Ball 2-0: Ball 3-0: Base on Balls
|
Batting: RHB Ryan Fullerton
|
0-0: Swinging Strike 0-1: Ball 1-1: Foul Ball, location: 2F 1-2: Ball 2-2: Strikes out looking
|
Batting: LHB Aaron Aguirre
|
0-0: Ball 1-0: Ball 2-0: Foul Ball, location: 2F 2-1: Swinging Strike 2-2: Foul Ball, location: 2F 2-2: Ball 3-2: Ground out 4-3 (Groundball, 4M)
|
Top of the 4th over - 0 run(s), 0 hit(s), 0 error(s), 1 left on base; Michigan State 8 - Penn State 3 |
BOTTOM OF THE 4TH |
Penn State Nittany Lions batting - Pitching for Michigan State Spartans : LHP David Page
|
Batting: LHB James Macías
|
0-0: Ball 1-0: Called Strike 1-1: Swinging Strike 1-2: Fly out, F6 (Popup, 56D)
|
Batting: RHB Larry Crawford
|
0-0: Ball 1-0: Foul Ball, location: 2F 1-1: Foul Ball, location: 2F 1-2: Foul Ball, location: 2F 1-2: Foul Ball, location: 2F 1-2: Ground out U3 (Groundball, 3)
|
Batting: LHB Bryan Peña
|
0-0: Called Strike 0-1: SINGLE (Groundball, 4MD)
|
Batting: RHB Ron Hale
|
0-0: Foul Ball, location: 2F 0-1: Ball 1-1: Called Strike 1-2: Ground out 6-3 (Groundball, 6MS)
|
Bottom of the 4th over - 0 run(s), 1 hit(s), 0 error(s), 1 left on base; Michigan State 8 - Penn State 3 |
TOP OF THE 5TH |
Michigan State Spartans batting - Pitching for Penn State Nittany Lions : RHP Hugh Hale
|
Batting: RHB Nelson Wright
|
0-0: Ball 1-0: Ball 2-0: Fly out, F8 (Flyball, 8RM)
|
Batting: RHB Scott Juárez
|
0-0: Ball 1-0: Called Strike 1-1: Foul Ball, location: 2F 1-2: Fly out, F7 (Flyball, 7LM)
|
Batting: RHB Spike Walters
|
0-0: Ball 1-0: Swinging Strike 1-1: Ground out 6-3 (Groundball, 56)
|
Top of the 5th over - 0 run(s), 0 hit(s), 0 error(s), 0 left on base; Michigan State 8 - Penn State 3 |
BOTTOM OF THE 5TH |
Penn State Nittany Lions batting - Pitching for Michigan State Spartans : LHP David Page
|
Batting: RHB Kip Murphy
|
0-0: SOLO HOME RUN (Flyball, 9D), Distance : 366 ft
|
Batting: RHB José Rodríguez
|
0-0: Ball 1-0: Called Strike 1-1: Foul Ball, location: 2F 1-2: Ground out 4-3 (Groundball, 4)
|
Pitching: RHP Dan Clark
|
|
Batting: LHB Gary Lynn
|
0-0: Called Strike 0-1: Fly out, F9 (Flyball, 89D)
|
Batting: LHB Ángel Santos
|
0-0: Foul Ball, location: 2F 0-1: Ball 1-1: Ball 2-1: SINGLE (Line Drive, 6D)
|
Batting: RHB Mike Caldwell
|
0-0: Swinging Strike 0-1: Ball 1-1: SINGLE (Line Drive, 6M) Ángel Santos to second
|
Batting: LHB James Macías
|
0-0: Called Strike 0-1: Fly out, F9 (Flyball, 9S)
|
Bottom of the 5th over - 1 run(s), 3 hit(s), 0 error(s), 2 left on base; Michigan State 8 - Penn State 4 |
TOP OF THE 6TH |
Michigan State Spartans batting - Pitching for Penn State Nittany Lions : RHP Hugh Hale
|
Batting: SHB Joe Emery
|
0-0: Ball 1-0: Called Strike 1-1: Foul Ball, location: 2F 1-2: Ball 2-2: Ball 3-2: Base on Balls
|
Batting: LHB Gabriel Estrada
|
0-0: Ball 1-0: Called Strike 1-1: Ball 2-1: DOUBLE (Flyball, 78M) Joe Emery to third
|
Batting: LHB Cliff Mills
|
0-0: Intentional Walk
|
Batting: RHB Ryan Nelson
|
0-0: Called Strike 0-1: Fly out, F9 (Flyball, 9S)
|
Pitching: LHP Rick Johnson
|
|
Batting: RHB Ryan Fullerton
|
0-0: SINGLE (Groundball, 6D) Joe Emery scores Gabriel Estrada to third Cliff Mills to second Runner from 3rd tries for Home, SAFE, no throw
|
Batting: LHB Aaron Aguirre
|
0-0: Ball 1-0: Called Strike 1-1: Ball 2-1: Ball 3-1: Swinging Strike 3-2: Reached on error, E3 (Groundball, 3) Cliff Mills to third Ryan Fullerton to second
|
Batting: RHB Nelson Wright
|
0-0: Ball 1-0: Fly out, F7 (Flyball, 78S)
|
Batting: RHB Scott Juárez
|
0-0: Called Strike 0-1: Called Strike 0-2: Ball 1-2: Strikes out swinging
|
Top of the 6th over - 2 run(s), 2 hit(s), 1 error(s), 3 left on base; Michigan State 10 - Penn State 4 |
BOTTOM OF THE 6TH |
Penn State Nittany Lions batting - Pitching for Michigan State Spartans : RHP Dan Clark
|
Batting: RHB Larry Crawford
|
0-0: Called Strike 0-1: Swinging Strike 0-2: Ball 1-2: Strikes out looking
|
Batting: LHB Bryan Peña
|
0-0: Ball 1-0: Swinging Strike 1-1: Foul Ball, location: 2F 1-2: SINGLE (Flyball, 8RS)
|
Batting: RHB Ron Hale
|
0-0: Swinging Strike 0-1: Ball 1-1: Ball 2-1: 2-RUN HOME RUN (Flyball, 78XD), Distance : 368 ft
|
Pitching: RHP Rocky Murphy
|
|
Batting: RHB Kip Murphy
|
0-0: Called Strike 0-1: Ball 1-1: Ball 2-1: Swinging Strike 2-2: Ball 3-2: Ground out 5-3 (Groundball, 56S)
|
Batting: RHB José Rodríguez
|
0-0: DOUBLE (Flyball, 7)
|
Pinch Runner at 2nd John Parks:
|
|
Batting: LHB Gary Lynn
|
0-0: Fly out, F6 (Line Drive, 6)
|
Bottom of the 6th over - 2 run(s), 3 hit(s), 0 error(s), 1 left on base; Michigan State 10 - Penn State 6 |
TOP OF THE 7TH |
Michigan State Spartans batting - Pitching for Penn State Nittany Lions : LHP Rick Johnson
|
Now at SS: John Parks
|
|
Batting: RHB Spike Walters
|
0-0: Ground out 5-3 (Groundball, 56S)
|
Pitching: RHP Travis Weston
|
|
Batting: SHB Joe Emery
|
0-0: Ball 1-0: Ball 2-0: Ball 3-0: Called Strike 3-1: Base on Balls
|
Batting: LHB Gabriel Estrada
|
0-0: Ball 1-0: Called Strike 1-1: Fly out, F8 (Flyball, 8LXD)
|
Batting: LHB Cliff Mills
|
0-0: Ball 1-0: Called Strike 1-1: Ball 2-1: Called Strike 2-2: Ball 3-2: Base on Balls Joe Emery to second
|
Batting: RHB Ryan Nelson
|
0-0: Called Strike 0-1: Fielders Choice at 2nd, 6-4 (Groundball, 6)
|
Top of the 7th over - 0 run(s), 0 hit(s), 0 error(s), 1 left on base; Michigan State 10 - Penn State 6 |
BOTTOM OF THE 7TH |
Penn State Nittany Lions batting - Pitching for Michigan State Spartans : RHP Rocky Murphy
|
Batting: LHB Ángel Santos
|
0-0: Ball 1-0: Foul Ball, location: 2F 1-1: Ball 2-1: Ball 3-1: Foul Ball, location: 2F 3-2: Foul Ball, location: 2F 3-2: Foul Ball, location: 2F 3-2: Base on Balls
|
Batting: RHB Mike Caldwell
|
0-0: Ball 1-0: Foul Ball, location: 2F 1-1: Fly out, F8 (Flyball, 8LM)
|
Batting: LHB James Macías
|
0-0: Ball 1-0: Called Strike Ángel Santos steals 2nd base 1-1: Ball 2-1: Ball 3-1: Swinging Strike 3-2: Ground out 1-3 (Groundball, 13) Ángel Santos to third
|
Batting: RHB Larry Crawford
|
0-0: Fly out, F8 (Flyball, 8RM)
|
Bottom of the 7th over - 0 run(s), 0 hit(s), 0 error(s), 1 left on base; Michigan State 10 - Penn State 6 |
TOP OF THE 8TH |
Michigan State Spartans batting - Pitching for Penn State Nittany Lions : RHP Travis Weston
|
Batting: RHB Ryan Fullerton
|
0-0: Ball 1-0: Called Strike 1-1: Ground out 5-3 (Groundball, 56S)
|
Pitching: LHP Ryan Roach
|
|
Batting: LHB Aaron Aguirre
|
0-0: Ball 1-0: Called Strike 1-1: Foul Ball, location: 2F 1-2: Foul Ball, location: 2F 1-2: Ground out 1-3 (Groundball, 15S)
|
Batting: RHB Nelson Wright
|
0-0: Reached on error, E6 (Groundball, 6)
|
Batting: RHB Scott Juárez
|
0-0: Ball 1-0: Swinging Strike 1-1: Ball 2-1: Fielders Choice at 2nd, 6-4 (Groundball, 6)
|
Top of the 8th over - 0 run(s), 0 hit(s), 1 error(s), 0 left on base; Michigan State 10 - Penn State 6 |
BOTTOM OF THE 8TH |
Penn State Nittany Lions batting - Pitching for Michigan State Spartans : RHP Rocky Murphy
|
Batting: LHB Bryan Peña
|
0-0: Ball 1-0: Called Strike 1-1: Foul Ball, location: 2F 1-2: Strikes out swinging
|
Pitching: RHP Cory Hopper
|
|
Batting: RHB Ron Hale
|
0-0: Ball 1-0: Ball 2-0: Foul Ball, location: 2F 2-1: Foul Ball, location: 2F 2-2: Strikes out looking
|
Batting: RHB Kip Murphy
|
0-0: Ball 1-0: Ball 2-0: Foul Ball, location: 2F 2-1: Foul Ball, location: 2F 2-2: DOUBLE (Flyball, 7D)
|
Batting: RHB John Parks
|
0-0: Ball 1-0: Foul Ball, location: 2F 1-1: Ball 2-1: Swinging Strike 2-2: Strikes out swinging
|
Bottom of the 8th over - 0 run(s), 1 hit(s), 0 error(s), 1 left on base; Michigan State 10 - Penn State 6 |
TOP OF THE 9TH |
Michigan State Spartans batting - Pitching for Penn State Nittany Lions : LHP Ryan Roach
|
Batting: RHB Spike Walters
|
0-0: Called Strike 0-1: Ball 1-1: Foul Ball, location: 2F 1-2: Ball 2-2: Ball 3-2: Strikes out swinging
|
Pitching: RHP Barry Powell
|
|
Batting: SHB Joe Emery
|
0-0: Foul Ball, location: 2F 0-1: Ball 1-1: Ball 2-1: Foul Ball, location: 2F 2-2: Strikes out swinging
|
Batting: LHB Gabriel Estrada
|
0-0: SINGLE (Flyball, 8LS)
|
Batting: LHB Cliff Mills
|
0-0: Swinging Strike 0-1: Foul Ball, location: 2F 0-2: Ball 1-2: Foul Ball, location: 2F 1-2: Ball 2-2: Foul Ball, location: 2F 2-2: Fly out, F7 (Flyball, 78S)
|
Top of the 9th over - 0 run(s), 1 hit(s), 0 error(s), 1 left on base; Michigan State 10 - Penn State 6 |
BOTTOM OF THE 9TH |
Penn State Nittany Lions batting - Pitching for Michigan State Spartans : RHP Cory Hopper
|
Batting: LHB Gary Lynn
|
0-0: Called Strike 0-1: Swinging Strike 0-2: Ball 1-2: Ground out U3 (Groundball, 34)
|
Batting: LHB Ángel Santos
|
0-0: Ball 1-0: Called Strike 1-1: Foul Ball, location: 2F 1-2: Ball 2-2: Ball 3-2: Base on Balls
|
Batting: RHB Mike Caldwell
|
0-0: Ball 1-0: Grounds into double play, 4-6-3 (Groundball, 4)
|
Bottom of the 9th over - 0 run(s), 0 hit(s), 0 error(s), 0 left on base; Michigan State 10 - Penn State 6 |
|